[Event "NC World Masters 2022"]
[Site "Dortmund"]
[Date "2022.07.18"]
[Round "1.1"]
[White "Kollars, Dmitrij"]
[Black "Anand, Viswanathan"]
[Result "1/2-1/2"]
[ECO "B44"]
[WhiteElo "2648"]
[BlackElo "2756"]
[Annotator "TA"]
[PlyCount "83"]
[EventDate "2022.07.18"]
[EventType "tourn"]
[EventCountry "GER"]
[SourceTitle "playchess.com"]
[Source "ChessBase"]
[SourceQuality "1"]
[TimeControl "40/5400+30:1800+30"]

1. c4 c5 2. Nf3 e6 3. Nc3 Nf6 4. e4 Nc6 5. d4 cxd4 6. Nxd4 Bb4 7. f3 d5 8. cxd5 exd5 {[%emt 0:00:12] B44: Sicilian: Taimanov: 5 Nb5.} 9. Bb5 dxe4 {[%emt 0:01:02] ...Qb6 is the strong threat.} 10. Nxc6 {[%emt 0:04:43][%csl Gc6][%cal Rd1d8] [#]} Bxc3+ 11. bxc3 Qxd1+ 12. Kxd1 a6 {[%emt 0:00:13] [#]} 13. Ba4 $146 {[%emt 0:00:56] And now Nd4+ would win.} ({Predecessor:} 13. Nd4+ axb5 14. Nxb5 O-O 15. Bg5 Ra6 16. Kd2 exf3 17. gxf3 h6 18. Be3 Nd5 19. Bd4 {0-1 (44) Farago,S (2249)-Erdelyi,Z (2362) Budapest 2009}) 13... Bd7 {[%emt 0:00:11][%mdl 64] [#] Pin} 14. Re1 Bxc6 15. Bxc6+ bxc6 16. Bg5 Kd7 (16... O-O-O+ {feels stronger.} 17. Kc2 exf3) 17. Bxf6 gxf6 18. Rxe4 Rhe8 19. Rxe8 Rxe8 $11 {[%emt 0:00:09][%mdl 4096] Endgame KR-KR} 20. Rb1 Re5 21. Rb4 Rh5 22. h3 Rg5 23. g4 f5 24. h4 Rg6 25. g5 f6 26. gxf6 Rxf6 (26... Kc7 {with more complications.} 27. Ra4 Kb6 28. f7 Rf6) 27. Ke2 Kd6 28. Ke3 Ke5 29. Ra4 f4+ 30. Kd3 {[%emt 0:00:43] aiming for Ra5+.} Rh6 31. Rxa6 Rxh4 32. Ra5+ Kd6 33. Ke4 Rh2 {[%emt 0:00:11] The position is equal.} 34. Kxf4 Rc2 35. Ra7 Rxc3 36. Rxh7 Ra3 37. Rh2 c5 38. Ke4 Ke6 39. Rh6+ Kf7 40. Rh2 Ke6 41. Rh6+ Kf7 42. Rh2 {[%emt 0:00:08] Weighted Error Value: White=0.06 (flawless) /Black=0.05 (flawless)} 1/2-1/2

[Event "NC World Masters 2022"]
[Site "Dortmund"]
[Date "2022.07.18"]
[Round "1.2"]
[White "Adams, Michael"]
[Black "Fridman, Daniel"]
[Result "1-0"]
[ECO "C65"]
[WhiteElo "2696"]
[BlackElo "2599"]
[Annotator "TA"]
[PlyCount "83"]
[EventDate "2022.07.18"]
[EventType "tourn"]
[EventCountry "GER"]
[SourceTitle "playchess.com"]
[Source "ChessBase"]
[SourceQuality "1"]
[TimeControl "40/5400+30:1800+30"]

1. e4 e5 2. Nf3 Nc6 3. Bb5 Nf6 4. d3 Bc5 5. Be3 Qe7 6. Bxc6 {[%emt 0:08:00] C65: Ruy Lopez: Berlin Defence (3...Nf6), unusual lines and 4 0-0 Bc5.} bxc6 7. Bxc5 Qxc5 {[%emt 0:00:07] [#]} 8. Qd2 $146 {[%emt 0:00:07] The position is equal.} ({Predecessor:} 8. Nc3 O-O 9. O-O Rb8 10. Qd2 Qe7 11. b3 c5 12. h3 d6 13. Nh2 Nh5 14. Nd5 {0-1 (39) Ivanchuk,V (2765)-Carlsen,M (2823) Sao Paulo/Bilbao 2011}) 8... d6 9. h3 Rb8 10. b3 Be6 11. Nc3 h6 12. Rd1 Kf8 (12... Qb4 $11) 13. Ke2 (13. O-O $16) 13... Qa5 14. d4 exd4 15. Qxd4 c5 16. Qe3 Re8 17. Kf1 Bc8 18. Kg1 Bb7 19. Nd2 d5 {[%emt 0:01:07] [#] And now ...d4 would win.} 20. Na4 d4 21. Qf4 {[%emt 0:00:57] aiming for Nc4.} Ba6 (21... Nxe4 22. Nc4 Qb5 23. f3 $14) 22. Qf5 Be2 23. Kh2 Bxd1 24. Rxd1 {[%emt 0:00:04] Threatens to win with e5.} Kg8 ({Black should try} 24... Qa6 $1 $11) 25. e5 Nh7 {[%emt 0:04:01] [#]} (25... Nd5 $2 26. Qd7 Kh7 27. Nc4 $18) 26. Qd7 $1 $36 {[%emt 0:00:48][%mdl 2048] Keeping Black busy.} Re6 (26... Rxe5 $2 27. Qc8+ Nf8 28. Nc4 $18) 27. Nc4 {[%emt 0:01:26] White is more active.} Qb4 (27... Nf8 $16 {was called for.}) 28. Qxc7 $18 Ng5 (28... Nf8 $142 29. Nxc5 Rg6 30. Qxa7 Qc3) 29. Nxc5 {[%emt 0:02:22] f4 is the strong threat. Pair of Knights!} Rg6 30. h4 {[%emt 0:05:37] Chess con chili.} (30. Qxa7 Qc3) (30. Rxd4 Nf3+ 31. gxf3 Qe1 $11) 30... Qc3 $2 (30... Ne6 31. Nxe6 Rxe6 32. Qxa7 d3 33. Rxd3 Qe7 34. Qa8+ Kh7 35. Qe4+ g6) 31. Qc8+ Kh7 32. Qf5 Kg8 33. Qc8+ (33. hxg5 hxg5+ 34. Kg1 Rgh6 35. Qc8+ Kh7 $16) (33. h5 $142 Rc6 34. Ne4) 33... Kh7 34. Qf5 (34. Qg4) 34... Kg8 $1 35. Na4 {[%emt 0:00:11] White is clearly winning.} (35. hxg5 hxg5+ 36. Kg1 Rgh6 37. Qc8+ Kh7 $11) 35... Qb4 36. hxg5 hxg5+ 37. Kg3 Rh4 38. Qc8+ ({Worse is} 38. Nd6 Rxd6 39. Qc8+ (39. exd6 $2 Qxd6+ 40. Kf3 Rf4+ 41. Qxf4 Qxf4+ 42. Ke2 Qe4+ 43. Kf1 Qxc2 $19) (39. Qxg5 $2 Rg6 $19) 39... Kh7 40. Qf5+ (40. exd6 $2 Qxd6+ 41. Kf3 Qe5 $19) 40... Kg8 41. Qc8+ (41. exd6 $2 Qxd6+ 42. Kf3 Rf4+ 43. Qxf4 Qxf4+ 44. Ke2 Qe4+ 45. Kf1 Qxc2 $19) (41. Qxg5 $2 Rg6 $19) 41... Kh7 $17) 38... Kh7 39. Qd7 {[%emt 0:00:58][%csl LRa7,LRd4,LRf7] Against Qb5} Rf4 40. a3 Qb8 41. Nc5 f5 42. f3 {[%emt 0:02:41] Weighted Error Value: White=0.35/Black=0.40} 1-0

[Event "NC World Masters 2022"]
[Site "Dortmund"]
[Date "2022.07.19"]
[Round "2.1"]
[White "Adams, Michael"]
[Black "Anand, Viswanathan"]
[Result "1/2-1/2"]
[ECO "A33"]
[WhiteElo "2696"]
[BlackElo "2756"]
[Annotator "TA"]
[PlyCount "49"]
[EventDate "2022.07.18"]
[EventType "tourn"]
[EventCountry "GER"]
[SourceTitle "playchess.com"]
[Source "ChessBase"]
[SourceQuality "1"]
[TimeControl "40/5400+30:1800+30"]

1. c4 c5 2. Nf3 e6 3. Nc3 Nf6 4. a3 Nc6 5. d4 cxd4 6. Nxd4 d5 7. cxd5 {[%emt 0:02:00] A33: Symmetrical English: 2 Nf3 Nf6 3 d4 cxd4 4 Nxd4 e6 5 Nc3 Nc6.} Nxd4 (7... exd5 {is more complex.} 8. Bg5 Bc5 9. e3 O-O) 8. Qxd4 {[%emt 0:00:25] And now e4 would win.} (8. Qa4+ {is interesting.} b5 9. Qxd4 Nxd5 10. e4) 8... Nxd5 9. Nxd5 {[%emt 0:04:31] White is slightly better.} Qxd5 10. Qxd5 exd5 11. Be3 Bd6 12. Bd4 {[%emt 0:02:19] Inhibits Be5.} f6 {[%emt 0:00:51] [#]} 13. g3 $146 ({Predecessor:} 13. e3 Be5 14. Rd1 Bxd4 15. Rxd4 Be6 16. Rb4 b6 17. Ba6 Ke7 18. Kd2 Bc8 19. Bd3 {1-0 (53) Zagorskis,D (2493)-Sarakauskas,G (2449) Kaunas 2008}) 13... Be6 14. Bg2 Ke7 15. Kd2 b6 {[%emt 0:02:00] The position is equal.} (15... Be5 {with more complications.} 16. Bc5+ Kf7 17. f4 Rhc8) 16. Rhc1 Rac8 17. Rxc8 Rxc8 18. Rc1 Rxc1 19. Kxc1 $11 {[%emt 0:00:03][%mdl 4096] Endgame KBB-KBB} Bc5 20. e3 Bxd4 21. exd4 g5 22. Kd2 h6 23. Ke3 Kd6 24. Kd2 Ke7 25. Ke3 {[%emt 0:00:04] Weighted Error Value: White=0.02 (flawless) /Black=0.01 (flawless)} 1/2-1/2

[Event "NC World Masters 2022"]
[Site "Dortmund"]
[Date "2022.07.19"]
[Round "2.2"]
[White "Fridman, Daniel"]
[Black "Kollars, Dmitrij"]
[Result "1-0"]
[ECO "A47"]
[WhiteElo "2599"]
[BlackElo "2648"]
[Annotator "TA"]
[PlyCount "103"]
[EventDate "2022.07.18"]
[EventType "tourn"]
[EventCountry "GER"]
[SourceTitle "playchess.com"]
[Source "ChessBase"]
[SourceQuality "1"]
[TimeControl "40/5400+30:1800+30"]

1. d4 d5 2. Nf3 Nf6 3. e3 e6 4. b3 b6 5. Bb2 Bb7 6. Nbd2 {[%emt 0:00:06] A47: 1 d4 Nf6 2 Nf3 b6: Torre, London and Colle Systems.} Nbd7 7. Bd3 Ne4 8. c4 $5 {[%emt 0:00:25][%mdl 4] The position is equal. A promising side line.} Bd6 9. Qc2 {[%emt 0:03:42][%cal Rd2e4] [#]} Ndf6 $146 ({Predecessor:} 9... f5 10. Ne5 Bxe5 11. dxe5 Ndc5 12. cxd5 Nxd2 13. Bb5+ Ke7 14. d6+ cxd6 15. exd6+ Qxd6 16. Qxd2 Qxd2+ 17. Kxd2 {1-0 (49) Pultinevicius,P (2492)-Keymer,V (2591) Chess.com INT 2021}) 10. cxd5 exd5 11. Bb5+ Kf8 12. Nxe4 Nxe4 13. Bc6 Qc8 14. a3 (14. Ne5 {is more complex.} Bb4+ 15. Kf1 h5 16. f3) 14... f6 15. Nh4 g6 $1 16. f3 Ng5 17. Kf2 (17. e4 $11 {keeps the balance.}) 17... Kg7 $17 18. Bxb7 Qxb7 19. Rac1 Rhe8 20. Qc6 Qa6 {[%emt 0:01:00] Threatens to win with ...Qd3.} 21. Qxd5 {[%emt 0:06:36] [#]} Rxe3 $1 {[%emt 0:02:44] aiming for ...Qe2+.} 22. Rhe1 {[%emt 0:00:21] Inhibits Qe2+.} (22. Kxe3 $2 Re8+ 23. Qe4 (23. Kd2 $2 Qe2+ 24. Kc3 Re3#) 23... Nxe4 24. fxe4 Qb5 $19) 22... Rxe1 23. Rxe1 Rd8 24. Qc4 Qc8 (24... b5 $15 25. Qe2 Rd7) 25. d5 $11 Bc5+ (25... Re8 $11) 26. Kf1 $1 $16 {[%emt 0:03:05][%cal Bf2f1,Bf1e1,Be1d1,Bd1c1][%mdl 32] And now f4 would win.} Re8 27. Rxe8 $1 Qxe8 28. Qf4 $36 {[%emt 0:00:46][%csl LRc7,LRf6,LRg5][%mdl 2048] White is in control.} Qb5+ 29. Ke1 Nf7 {[%emt 0:04:33] Strongly threatening ...Be7.} 30. Qxf6+ Kf8 31. b4 ({White should play} 31. Qg7+ $14 Ke8 32. Qxh7 Qxb3 33. Qg8+ Bf8 34. Bg7 (34. Nxg6 Qe3+ 35. Kf1 Qd3+ 36. Kf2 Qd2+ 37. Kg3 Qg5+ 38. Kh3 Qf5+ 39. Kh4 Qg5+ 40. Kh3 Qf5+ 41. Kh4 Qg5+ 42. Kh3 $11) 34... Qe3+ 35. Kf1 Qc1+ 36. Kf2 Qc5+ 37. Kg3 Qd6+ 38. Kh3 Qd7+ 39. Kg3 Qd6+ 40. f4) 31... Qe8+ $2 (31... Bd6 $1 $11 {and Black has nothing to worry.}) 32. Kd1 $18 Bf2 33. Qg7+ Ke7 34. g3 {[%emt 0:00:46] White is more active.} Kd8 (34... Kd7 $16) 35. Ng2 Kc8 36. Qxh7 Qa4+ 37. Kc1 Nd6 38. Qxg6 (38. Qh8+ $1 $16 Kb7 39. Qc3) 38... Qb5 $14 39. Qe6+ Kb8 40. Nf4 {[%emt 0:00:09] Black must now prevent Qe2.} (40. Kd2 $5 ) 40... Qf1+ (40... Qc4+ $1 $11 41. Kb1 Qb3) 41. Kc2 ({White must play} 41. Kd2 $1 $16) 41... Qc4+ $11 42. Kb1 Qf1+ {[%emt 0:02:30] [#]} (42... Qb3 $1 $14 43. Qe2 Nc4) 43. Bc1 $1 $16 {[%emt 0:00:00] Hoping for Qe2.} Qh1 $2 {[%emt 0:00:27][%mdl 8192] Loses the game.} (43... Qc4 $16 44. Qe2 Qb3+ 45. Qb2 Qxf3) 44. Qe2 $18 Qxh2 {[%emt 0:00:10] [#]} 45. g4 ({Weaker is} 45. Qe7 Bxg3 46. Ne6 Nc8 $14) 45... Qh4 46. Ne6 {[%emt 0:00:00] Qc2 is the strong threat. White is clearly winning.} Bg3 47. Qc2 Qe7 48. g5 Nb5 49. Qd3 Be5 50. Bd2 {[%emt 0:00:00] Against Nc3+} (50. Qxb5 {is a self mate.} Qh7+ 51. g6 Qxg6+) 50... Nxa3+ 51. Qxa3 Qh7+ 52. Kc1 {[%emt 0:00:00] Weighted Error Value: White=0.15 (very precise) /Black=0.43} 1-0

[Event "NC World Masters 2022"]
[Site "Dortmund"]
[Date "2022.07.20"]
[Round "3.1"]
[White "Anand, Viswanathan"]
[Black "Fridman, Daniel"]
[Result "1-0"]
[ECO "C65"]
[WhiteElo "2756"]
[BlackElo "2599"]
[Annotator "TA"]
[PlyCount "63"]
[EventDate "2022.07.18"]
[EventType "tourn"]
[EventCountry "GER"]
[SourceTitle "playchess.com"]
[Source "ChessBase"]
[SourceQuality "1"]
[TimeControl "40/5400+30:1800+30"]

1. e4 e5 2. Nf3 Nc6 3. Bb5 Nf6 4. d3 Bc5 5. c3 Qe7 {[%emt 0:00:23][%cal Oc5f2] [#]} 6. Ke2 $146 {[%emt 0:00:13] C65: Ruy Lopez: Berlin Defence (3...Nf6), unusual lines and 4 0-0 Bc5.} (6. b4 $14 Bb6 7. Bc4) ({Predecessor:} 6. O-O O-O 7. h3 a6 8. Ba4 b5 9. Bc2 d6 10. Re1 h6 11. Nbd2 Bb6 12. Nf1 Rd8 13. Ng3 Qf8 {1-0 (33) Pruijssers,R (2523)-Rudd,J (2276) St Clement Bay 2018}) 6... a6 (6... O-O $15 {was preferrable.}) 7. Bxc6 $11 dxc6 8. Re1 {[%emt 0:00:30] Black is slightly better.} Bg4 {[%emt 0:00:21] With the idea ...Bxf3+.} 9. Nbd2 (9. Kf1 $1 $11) 9... Rd8 10. Qc2 Kd7 $2 (10... Nh5 $17 {and life is bright. ...Qh4 is the strong threat.} 11. Kf1 Nf4) 11. h3 Bh5 12. g4 (12. b4 $5 Bxf3+ 13. Nxf3 $14) 12... Nxg4 13. hxg4 $16 Bxg4 14. Rg1 h5 15. Nc4 Kc8 {[%emt 0:01:31] [#]} (15... Qf6 $2 16. Ncxe5+ $1 (16. Rxg4 hxg4 17. Ncxe5+ Kc8 $16) 16... Kc8 17. Nxg4 hxg4 18. Rxg4 $18) (15... f6 $16) 16. Be3 (16. Ncxe5 $1 $18 {[%mdl 512] Hoping for d4.} Rde8 (16... Qe6 17. b4) 17. d4) 16... g6 $2 {[%emt 0:01:07] [#] This move loses the game for Black.} (16... Bd6 $14) 17. Ncxe5 $1 $18 Bxe3 18. fxe3 Qxe5 {[%emt 0:10:28] [#]} (18... f5 {is a better defense.}) 19. Rxg4 $1 hxg4 (19... Qe6 20. Rg5) 20. Nxe5 Rh2+ 21. Kd1 Rh1+ {[%emt 0:06:00] [#]} 22. Kd2 $1 Rxa1 23. d4 Rh8 24. Kd3 g3 25. Qg2 ({Stronger than} 25. Nxf7 Rh2 26. Qb3 b5 $11) 25... Rh2 26. Qxg3 Rxb2 27. Qh3+ Kb8 28. Qh8+ Ka7 29. Nd7 {[%emt 0:00:08][%csl Gd7][%cal Rh8b8] White mates.} Rd1+ 30. Kc4 b5+ 31. Kc5 Kb7 32. Qb8# {[%emt 0:00:09] Weighted Error Value: White=0.22 (precise) /Black=0.84} 1-0

[Event "NC World Masters 2022"]
[Site "Dortmund"]
[Date "2022.07.20"]
[Round "3.2"]
[White "Kollars, Dmitrij"]
[Black "Adams, Michael"]
[Result "1-0"]
[ECO "C47"]
[WhiteElo "2648"]
[BlackElo "2696"]
[Annotator "TA"]
[PlyCount "87"]
[EventDate "2022.07.18"]
[EventType "tourn"]
[EventCountry "GER"]
[SourceTitle "playchess.com"]
[Source "ChessBase"]
[SourceQuality "1"]
[TimeControl "40/5400+30:1800+30"]

1. e4 e5 2. Nf3 Nc6 3. Nc3 Nf6 4. d4 exd4 5. Nxd4 Bb4 6. f3 d6 {[%emt 0:02:32] C47: Scotch Four Knights and Four Knights with 4 g3.} 7. Bb5 Bd7 8. Bxc6 {[%emt 0:00:30] [#]} bxc6 $146 {[%emt 0:10:43] The position is equal.} (8... Bxc3+ $5 9. bxc3 bxc6 $11) ({Predecessor:} 8... Bxc6 9. O-O O-O 10. Bd2 Bc5 11. Be3 Qe7 12. Kh1 Bd7 13. Re1 Rad8 14. Qd3 Rfe8 {0-1 (61) Trglavcnik,L (1768)-Kovac,P (1398) Trogir 2019}) 9. Qd3 Kf8 (9... c5 $11 {keeps the balance.} 10. Nde2 O-O) 10. Kf2 (10. Nde2 $16) 10... h5 11. h4 Ng8 12. Bg5 f6 13. Be3 Ne7 14. Nce2 Bc5 (14... c5 15. Nb3 $16) 15. Rad1 Qe8 16. c4 (16. Nf4 {with more complications.} Ng6 17. Nxg6+ Qxg6 18. Ne2) 16... a5 (16... Ng6 {is more complex.} 17. Nc2 Qe5 18. Qd2 a5) 17. Nf4 Qf7 {[%emt 0:07:43] Inhibits Nde6+.} 18. Nc2 {[%emt 0:02:22] White is much more active. The black rooks are badly placed. Pair of Knights!} Bxe3+ 19. Nxe3 (19. Kxe3 f5 $11) 19... c5 20. Ned5 Nxd5 21. exd5 (21. cxd5 Kg8 $14) (21. Qxd5 Qxd5 22. Nxd5 Rc8 $11) 21... Rh6 {[%emt 0:00:24] Against Ng6+} 22. Rde1 Kg8 23. Re3 {[%emt 0:02:22] And now Rhe1 would win.} Re8 (23... g5 $16 {was called for.} 24. Ne6 gxh4) 24. Rhe1 $18 {[%emt 0:02:11] Hoping for Rxe8+.} Re5 25. Qb3 {[%emt 0:01:26] [#] Threatens to win with Qb8+.} Bf5 26. Qb8+ Kh7 27. Qd8 {[%emt 0:01:06] Prevents Qe7.} a4 (27... Qd7 {was worth a try.} 28. Qxd7 Bxd7) 28. g3 Qd7 29. Qxd7 Bxd7 30. Nd3 Rxe3 31. Rxe3 {[%emt 0:00:03][%mdl 4096] Endgame KRB-KRN} ({Inferior is} 31. Kxe3 Kg6 $11) 31... Bf5 32. Nf4 {[%emt 0:00:51] aiming for Ne6.} Kg8 33. Re7 g5 34. Ne6 gxh4 35. gxh4 {[%emt 0:01:06] Rg7+ is the strong threat.} Bd3 $2 {[%emt 0:02:31] This move loses the game for Black.} (35... Bxe6 $16 {is more resistant.} 36. dxe6 f5) 36. b3 axb3 37. axb3 Bc2 38. Re8+ Kf7 39. Rb8 ({Less strong is} 39. Nxc7 Bxb3 40. Re6 Bxc4 $16) 39... Kg6 (39... f5 $142 40. Nxc7 Rf6) 40. Nxc7 Rh7 41. Nb5 Rd7 42. Rb6 Kf5 (42... Bxb3 $142 43. Nxd6 (43. Rxd6 Rb7 $14) 43... Ba2) 43. Nxd6+ Ke5 {[%emt 0:00:04] [#]} 44. Ke3 $1 {[%emt 0:00:00] Weighted Error Value: White=0.11 (very precise) /Black=0.45} 1-0

[Event "NC World Masters 2022"]
[Site "Dortmund"]
[Date "2022.07.22"]
[Round "4.1"]
[White "Anand, Viswanathan"]
[Black "Kollars, Dmitrij"]
[Result "1/2-1/2"]
[ECO "D32"]
[WhiteElo "2756"]
[BlackElo "2648"]
[Annotator "TA"]
[PlyCount "100"]
[EventDate "2022.07.18"]
[EventType "tourn"]
[EventCountry "GER"]
[SourceTitle "playchess.com"]
[Source "ChessBase"]
[SourceQuality "1"]
[TimeControl "40/5400+30:1800+30"]

1. c4 e6 2. Nc3 d5 3. d4 c5 4. cxd5 exd5 5. Nf3 Nf6 6. Bg5 Be6 7. dxc5 {[%emt 0:05:37] D32: Tarrasch Defence: Sidelines and lines without g3.} Bxc5 8. e3 Nc6 9. Bb5 {[%emt 0:00:58] [#] White is slightly better.} Rc8 $146 ({Predecessor:} 9... h6 10. Bxf6 Qxf6 11. Nxd5 Qxb2 12. Nc7+ Ke7 13. O-O Rad8 14. Qc1 Qxc1 15. Raxc1 Kd6 16. Nxe6 fxe6 {1-0 (41) Carlsen,M (2864)-Van Foreest,J (2715) chess24.com INT 2022}) 10. Nd4 Kf8 ({Black should try} 10... O-O $11) 11. Bxc6 {[%emt 0:04:43] White is more active.} bxc6 12. a3 Be7 13. b4 c5 14. bxc5 Qa5 15. Qd2 {[%emt 0:00:14] [#] Hoping for c6.} ({But not} 15. Nxe6+ $2 fxe6 16. O-O Qxc3 $19) 15... Rxc5 16. Bxf6 Bxf6 17. Nce2 Qxd2+ 18. Kxd2 Ke7 19. Rhc1 Rhc8 20. Rxc5 Rxc5 21. Rb1 Kd7 22. Nf4 Ra5 23. Rb3 Ra4 24. Nfe2 Ra5 25. Nc3 Be5 26. f4 Bxd4 27. exd4 $11 {[%emt 0:00:04][%mdl 4096] Endgame KRB-KRN} Kc6 28. a4 Ra6 29. Kc2 Bf5+ 30. Kb2 Be4 31. g4 Kc7 32. g5 f6 33. Rb5 fxg5 34. fxg5 h6 35. h4 hxg5 36. hxg5 Rb6 37. a5 Rxb5+ {[%emt 0:02:47] The position is equal.} 38. Nxb5+ {[%emt 0:00:08] KB-KN} Kc6 39. Nxa7+ Kb7 40. Nb5 {[%emt 0:00:05] [#] Nd6+ is the strong threat.} Ka6 41. Nc7+ Kxa5 42. Kc3 $1 g6 43. Ne8 Kb5 44. Kd2 {[%emt 0:00:20] aiming for Ke3.} Kc6 45. Nf6 Kd6 46. Ke3 $1 Bf5 47. Kf4 Bh3 48. Ne8+ Kd7 49. Nf6+ Kd6 50. Ne8+ Kd7 {[%emt 0:00:00] Weighted Error Value: White=0.06 (flawless) /Black=0.07 (flawless)} 1/2-1/2

[Event "NC World Masters 2022"]
[Site "Dortmund"]
[Date "2022.07.22"]
[Round "4.2"]
[White "Fridman, Daniel"]
[Black "Adams, Michael"]
[Result "1/2-1/2"]
[ECO "B20"]
[WhiteElo "2599"]
[BlackElo "2696"]
[Annotator "TA"]
[PlyCount "88"]
[EventDate "2022.07.18"]
[EventType "tourn"]
[EventCountry "GER"]
[SourceTitle "playchess.com"]
[Source "ChessBase"]
[SourceQuality "1"]
[TimeControl "40/5400+30:1800+30"]

1. e4 c5 2. g3 Nc6 3. Bg2 e6 4. d3 d5 5. f4 {[%emt 0:00:26] [#]} h5 $146 ({Predecessor:} 5... d4 6. e5 Nge7 7. Nd2 Nd5 8. Ne4 Be7 9. c4 dxc3 10. bxc3 O-O 11. Ne2 b5 12. a4 bxa4 13. Qxa4 {1-0 (62) Balla,T (2348)-Halkias,S (2563) Chess.com INT 2020}) 6. Nf3 {[%emt 0:03:49] B20: Sicilian: Unusual White 2nd moves.} Be7 7. h3 b6 8. Nc3 Bb7 9. Kf2 d4 10. Ne2 Nf6 11. c4 dxc3 12. Nxc3 Nb4 13. Ne1 ({Wrong is} 13. Qa4+ $2 Bc6 14. Qd1 Nxd3+ 15. Kg1 c4 $19) 13... Qd7 14. Be3 Rd8 15. a3 Nxd3+ 16. Nxd3 Qxd3 17. Qxd3 Rxd3 18. Rhd1 Rxc3 19. bxc3 Nxe4+ 20. Bxe4 Bxe4 21. a4 f5 22. a5 h4 23. axb6 hxg3+ 24. Kxg3 axb6 25. Ra6 Rh6 {[%emt 0:05:45] [#] White must now prevent ...Rg6+.} 26. Rxb6 {[%emt 0:01:22] Threatens to win with Rb8+.} Rg6+ 27. Kf2 Bh4+ {[%emt 0:01:59] This bishop pair is nice.} 28. Ke2 {[%emt 0:05:08] Hoping for Rb8+.} Rg2+ 29. Kf1 Rg3 30. Rxe6+ Kf7 31. Rxe4 fxe4 $11 {[%emt 0:00:02][%mdl 4096] Endgame KRB-KRB} 32. Ke2 Rg2+ 33. Kf1 Rg3 34. Ke2 Rg2+ 35. Kf1 Rc2 36. Rd5 Rxc3 37. Ke2 c4 {[%emt 0:03:12] With the idea ...Rc2+.} 38. Rd4 {[%emt 0:01:08] The position is equal.} Bf6 39. Rxe4 Kg6 40. Bd4 {[%emt 0:03:49] [#]} Kf5 $1 41. Bxf6 gxf6 42. Rd4 Rxh3 43. Rxc4 Kg4 44. f5+ Kxf5 {[%emt 0:00:05] Weighted Error Value: White=0.06 (flawless) /Black=0.06 (flawless)} 1/2-1/2

[Event "NC World Masters 2022"]
[Site "Dortmund"]
[Date "2022.07.23"]
[Round "5.1"]
[White "Fridman, Daniel"]
[Black "Anand, Viswanathan"]
[Result "1/2-1/2"]
[ECO "B13"]
[WhiteElo "2599"]
[BlackElo "2756"]
[Annotator "TA"]
[PlyCount "53"]
[EventDate "2022.07.18"]
[EventType "tourn"]
[EventCountry "GER"]
[SourceTitle "playchess.com"]
[Source "ChessBase"]
[SourceQuality "1"]
[TimeControl "40/5400+30:1800+30"]

1. Nf3 Nf6 2. e3 c5 3. d4 cxd4 4. exd4 d5 5. c4 Nc6 6. Nc3 Bg4 7. Be3 e6 8. c5 a6 {[%emt 0:02:01] Against Bb5. B13: Caro-Kann: Exchange Variation and Panov-Botvinnik Attack.} 9. Be2 (9. Bd3 {keeps more tension.} Nd7 10. O-O Nxc5 11. dxc5 d4 12. h3) 9... Bxf3 10. Bxf3 g6 {[%emt 0:00:12] [#] White is slightly better.} 11. b4 $146 ({Predecessor:} 11. O-O Bg7 12. Na4 Nd7 13. Rb1 Qf6 14. Qb3 b5 15. cxb6 Nxd4 16. Bxd4 Qxd4 17. Rbd1 {1-0 (28) Aydin,H (2029)-Bulut,M (1762) Antalya 2017}) 11... Bg7 12. Rb1 Kf8 13. a4 h5 14. h3 {[%emt 0:07:10] Inhibits Ng4.} Ne7 15. g4 {[%emt 0:06:44] White is more active.} (15. Qd2 $16) 15... hxg4 $11 {[%emt 0:08:22] The position is equal.} 16. hxg4 Rxh1+ 17. Bxh1 b6 18. Kf1 Nd7 19. Ne2 bxc5 20. bxc5 Rb8 21. Bf3 Nc6 22. g5 Rxb1 23. Qxb1 Qb8 {[%emt 0:00:06] Against Qb7} 24. Qd3 Nb4 25. Qb1 Nc6 26. Qd3 Nb4 27. Qb1 {[%emt 0:01:05] Weighted Error Value: White=0.10 (very precise) /Black=0.07 (flawless)} 1/2-1/2

[Event "NC World Masters 2022"]
[Site "Dortmund"]
[Date "2022.07.23"]
[Round "5.2"]
[White "Adams, Michael"]
[Black "Kollars, Dmitrij"]
[Result "1/2-1/2"]
[ECO "B59"]
[WhiteElo "2696"]
[BlackElo "2648"]
[Annotator "TA"]
[PlyCount "80"]
[EventDate "2022.07.18"]
[EventType "tourn"]
[EventCountry "GER"]
[SourceTitle "playchess.com"]
[Source "ChessBase"]
[SourceQuality "1"]
[TimeControl "40/5400+30:1800+30"]

1. e4 c5 2. Nf3 Nc6 3. d4 cxd4 4. Nxd4 Nf6 5. Nc3 d6 6. Be2 e5 7. Nb3 Be6 8. Be3 Be7 9. f3 d5 10. exd5 Nxd5 11. Nxd5 Bxd5 12. Qd2 {[%emt 0:11:01] [#] B59: Classical Sicilian: 6 Be2 e5 7 Nb3.} f6 $146 ({Predecessor:} 12... f5 13. O-O-O Bxb3 14. Qxd8+ Rxd8 15. Rxd8+ Kxd8 16. Rd1+ Kc7 17. axb3 Rd8 18. Rxd8 Kxd8 19. Bb5 Nd4 20. Bxd4 {½-½ (39) Mogranzini,R-Comp Fritz 3 Italy 1995}) 13. Kf2 Kf7 {[%emt 0:03:27] The position is equal.} 14. Rhd1 Be6 15. Nc5 Bxc5 16. Bxc5 Qc7 17. Qd6 Rac8 18. Qxc7+ Rxc7 19. Rd2 Rd8 20. Rad1 Rxd2 21. Rxd2 b6 22. Bd6 Rc8 23. Ba6 Rd8 24. b3 g5 25. c3 h5 26. Ke1 h4 27. Ba3 Rxd2 28. Kxd2 $11 {[%emt 0:00:03][%mdl 4096] Endgame KBB-KBN} Bd5 29. Ke3 Ne7 30. Bd3 Ke6 31. g4 hxg3 32. hxg3 f5 33. f4 gxf4+ 34. gxf4 Ng6 35. fxe5 f4+ 36. Kd4 Nxe5 {[%emt 0:00:13][%cal Re5c6] [#]} 37. Bf1 {[%emt 0:01:23] Hoping for Bh3+.} Nf3+ 38. Kd3 Ne5+ 39. Kd4 {[%emt 0:00:08] Black must now prevent Bh3+.} Nf3+ 40. Kd3 Ne5+ {[%emt 0:01:51] A balanced but interesting game.  Weighted Error Value: White=0.05 (flawless) /Black=0.04 (flawless)} 1/2-1/2